 Dungeon Crawl Stone Soup version 0.28-a0-850-g09de17f5b5 (webtiles) character file.

Game seed: 16614024436904868541

49 marklar909 the Skirmisher (level 3, 0/31 HPs)
             Began as a Palentonga Fighter on Nov 13, 2021.
             Was an Initiate of Gozag.
             Succumbed to an adder's poison
             ... on level 1 of the Dungeon.
             The game lasted 00:01:15 (1071 turns).

marklar909 the Skirmisher (Palentonga Fighter)      Turns: 1071, Time: 00:01:16

Health: 0/31       AC:  6    Str: 19    XL:     3   Next: 53%
Magic:  3/3        EV:  7    Int:  8    God:    Gozag
Gold:   33         SH:  4    Dex: 10    Spells: 2/2 levels left

rFire   . . .      SeeInvis +   a - +0 flail
rCold   + . .      Faith    .   c - +0 buckler
rNeg    . . .      Spirit   .   b - +0 scale mail
rPois   .          Reflect  .   (no helmet)
rElec   .          Harm     .   (no cloak)
rCorr   .          Rampage  .   (no gloves)
Will    .....                   (no barding)
Stlth   ..........              (no amulet)
HPRegen 0.10/turn               g - ring of protection from cold
MPRegen 0.08/turn               (no ring)

@: lethally poisoned (0 -> -8), gold aura
A: large, rugged brown scales 3, see invisible, deformed body, roll 1, armoured
tail, inability to read while threatened
a: Rolling Charge, Renounce Religion, Potion Petition, Call Merchant, Bribe
Branch


You were on level 1 of the Dungeon.
You worshipped Gozag.
Gozag was noncommittal.
You visited 1 branch of the dungeon, and saw 2 of its levels.

You collected 56 gold pieces.
You paid 23 gold pieces to Gozag.

Inventory:

Hand Weapons
 a - a +0 flail (weapon)
Missiles
 f - 22 stones
Armour
 b - a +0 scale mail (worn)
 c - a +0 buckler (worn)
Jewellery
 g - a ring of protection from cold (left hand)
Scrolls
 e - a scroll of identify {unknown}
 h - a scroll of magic mapping {unknown}
 j - a scroll of enchant weapon {unknown}
Potions
 d - 2 potions of might


   Skills:
 + Level 3.5 Fighting
 + Level 2.6 Maces & Flails
 + Level 2.9 Armour
 + Level 0.1 Dodging
 + Level 2.5 Shields


You had 2 spell levels left.
You didn't know any spells.
Your spell library contained the following spells:

 Spells                   Type           Power      Damage    Failure   Level
 Beastly Appendage        Tmut           0%         N/A       78%         1
 Wereblood                Tmut           0%         N/A       89%         2
 Spider Form              Tmut/Pois      0%         N/A       98%         3


Dungeon Overview and Level Annotations

Branches:
Dungeon (2/15)

Altars:
Gozag


Innate Abilities, Weirdness & Mutations

You are completely covered in rugged brown scales. (AC +3, +7% HP)
You have supernaturally acute eyesight. (SInv)
Armour fits poorly on your strangely shaped body.
You can roll at nearby foes to attack.
You have a long armoured tail.
You sometimes lose the ability to read scrolls when taking damage.


Message History

The endoplasm is heavily wounded.
You thump the endoplasm!
You kill the endoplasm!
The adder bites you.
You are poisoned.
The adder poisons you! The adder barely misses you.
Unknown command.
You barely miss the adder.
You feel sick. The adder bites you.
You closely miss the adder.
You feel sick. The adder barely misses you. x2
You miss the adder.
You feel sick. The adder bites you.
You hit the adder.
The adder is heavily wounded.
You feel sick.
You are no longer poisoned.
You block the adder's attack. The adder bites you.
You are poisoned.
The adder poisons you!
You closely miss the adder.
The adder is heavily wounded.
You feel sick.
The adder bites you but does no damage. x2
Unknown command.
You completely miss the adder.
The adder is heavily wounded.
You feel sick.
The adder bites you but does no damage. x2
Unknown command.
Okay, then.
Unknown command.
Okay, then.
You barely miss the adder.
The adder is heavily wounded.
You feel sick. The adder bites you.
* * * LOW HITPOINT WARNING * * *
You are more poisoned.
The adder poisons you!
Unknown command.
Okay, then.
It was a potion of mutation.
You feel extremely strange.
You lose the ability to read scrolls when threatened.
You die...
Your body crumbles into a pile of gold.

#####.#.#
###............##.....
#.#.###..............#####..
##.#.##..###.#........# #..
#........#...#(.......# #..
##.......#.#.###......# #..
#......#.............# #..
#.......###.#.#......# #..
#......g..#...#......# #..
#.........#@###......# #..
#......##wS#.........# ###
#....w.###############
#......# #......# #.....>#
#......# #......# #......#


You could see a worm and an adder.

Vanquished Creatures
  A gnoll (D:1)
  2 adders
  2 ball pythons
  An endoplasm (D:1)
  3 hobgoblins
  2 jackals (D:1)
  A bat (D:1)
  4 frilled lizards (D:1)
  A goblin (D:2)
  3 kobolds (D:1)
  3 rats (D:1)
23 creatures vanquished.

Vanquished Creatures (others)
  2 plants (D:2)
2 creatures vanquished.

Grand Total: 25 creatures vanquished

Notes
Turn   | Place    | Note
-------+----------+-------------------------------------------
     0 | D:1      | marklar909 the Palentonga Fighter began the quest for the
                  | Orb.
     0 | D:1      | Reached XP level 1. HP: 19/19 MP: 1/1
   298 | D:1      | Found a faded altar of an unknown god.
   391 | D:1      | Reached XP level 2. HP: 25/25 MP: 2/2
   898 | D:2      | Found an opulent altar of Gozag.
   935 | D:2      | Became a worshipper of Gozag Ym Sagoz the Greedy
   968 | D:1      | Reached XP level 3. HP: 26/31 MP: 3/3
  1071 | D:1      | Gained mutation: You sometimes lose the ability to read
                  | scrolls when taking damage. [potion of mutation]
  1071 | D:1      | Succumbed to an adder's poison

Illustrated notes

Levels and vault maps discovered:
D:1:      dpeg_arrival_tiny_h, layout_basic, ebering_ecumenical_altar_box,
          minmay_pentomino_v4
D:2:      cheibrodos_old_hovel, layout_rooms, basic_altar

Action                   || total
-------------------------++-------
Melee: Flail             ||    59
       Tailslap          ||     4
  Use: Potion            ||     1
Armor: Scale mail        ||    41
Dodge: Dodged            ||    33
Block: Buckler           ||    10

Table legend: (Time is in decaauts)
 A = Elapsed time spent in this place.
 B = Non-inter-level travel time spent in this place.
 C = Inter-level travel time spent in this place.
 D = Time resting spent in this place.
 E = Time spent auto-exploring this place.
 F = Levels seen in this place.
 G = Mean time per level.
                   A        B        C        D        E       F      G
               +--------+--------+--------+--------+--------+-----+--------+
         Total |   1089 |   1002 |     87 |      0 |    829 |   2 |  544.5 |
       Dungeon |   1089 |   1002 |     87 |      0 |    829 |   2 |  544.5 |
               +--------+--------+--------+--------+--------+-----+--------+

Top non-repeatable levels by time:
     D:1: 1022 daAuts
     D:2: 66 daAuts
